Map: Paladino Terminal LE

Players

BIGFLLA - Winner!

  • Race: Protoss Protoss
  • League: Silver
  • Spawn Location: 9:00

Monkapotamus

  • Race: Zerg Zerg
  • League: Silver
  • Spawn Location: 5:00

VOD

Have the link to the VOD?

Description

Time

  • Played on: March 21, 2017, 2:36 a.m.
  • Length: 9:08
Show
View Real Time Build Order
Export as new Build Order

BIGFLLA Protoss - Winner!

Build Orders:  

Get SALT Encoding   

  12  0:01  Probe (Chrono Boost)  
  13  0:12  Probe (Chrono Boost)  
  14  0:21  Pylon  
  14  0:27  Probe (Chrono Boost)  
  15  0:30  Assimilator  
  15  0:41  Gateway  
  15  0:52  Probe (Chrono Boost)  
  16  1:01  Assimilator  
  16  1:02  Probe (Chrono Boost)  
  17  1:12  Pylon  
  17  1:13  Probe (Chrono Boost)  
  18  1:23  Probe (Chrono Boost)  
  19  1:34  Probe (Chrono Boost)  
  20  1:42  Cybernetics Core  
  21  1:47  Probe (Chrono Boost)  
  21  1:57  Probe (Chrono Boost)  
  22  2:08  Probe (Chrono Boost)  
  23  2:10  Pylon  
  23  2:11  Warp Gate  
  23  2:22  Probe (Chrono Boost)  
  24  2:36  Stargate, Mothership Core (Chrono Boost)  
  26  2:41  Stalker  
  28  2:52  Pylon  
  28  3:05  Probe (Chrono Boost)  
  29  3:10  Stalker  
  31  3:20  Pylon  
  31  3:25  Pylon  
  31  3:28  Pylon  
  31  3:36  Void Ray  
  31  3:40  Stalker  
  37  3:50  Pylon  
  37  3:58  Protoss Air Weapons Level 1  
  37  4:16  Stalker  
  39  4:19  Void Ray  
  43  4:39  Nexus  
  41  4:48  Pylon  
  41  5:23  Void Ray  
  41  5:26  Stalker  
  48  5:30  Probe (Chrono Boost)  
  48  5:42  Probe (Chrono Boost)  
  49  5:44  Assimilator  
  49  5:47  Assimilator  
  49  5:54  Probe (Chrono Boost)  
  49  5:56  Stalker  
  52  6:00  Void Ray  
  52  6:01  Protoss Air Armor Level 1  
  58  6:25  Probe (Chrono Boost)  
  58  6:26  Stalker  
  58  6:27  Probe (Chrono Boost)  
  60  6:39  Void Ray  
  66  6:54  Probe (Chrono Boost)  
  66  6:55  Probe (Chrono Boost)  
  66  6:59  Pylon  
  66  7:04  Pylon, Probe (Chrono Boost)  
  66  7:07  Probe (Chrono Boost)  
  68  7:15  Probe (Chrono Boost)  
  69  7:19  Probe (Chrono Boost), Fleet Beacon  
  66  7:24  Phoenix  
  66  7:25  Probe (Chrono Boost)  
  65  7:32  Probe (Chrono Boost), Stalker  
  65  7:36  Probe (Chrono Boost)  
  67  7:51  Pylon  
  63  8:16  Probe (Chrono Boost)  
  63  8:18  Probe (Chrono Boost)  
  65  8:21  Nexus  
Show
View Real Time Build Order
Export as new Build Order

Monkapotamus Zerg 

Build Orders: Pool First 

Get SALT Encoding   

  12  0:07  Drone  
  12  0:10  Drone  
  14  0:29  Spawning Pool  
  14  0:33  Extractor  
  12  0:40  Drone  
  12  0:41  Drone  
  14  0:48  Overlord  
  14  1:07  Drone x2  
  16  1:31  Hatchery  
  15  1:34  Drone x2  
  17  1:49  Lair  
  17  1:54  Drone  
  18  1:58  Drone  
  19  2:04  Drone  
  19  2:08  Drone  
  21  2:26  Drone  
  22  2:34  Extractor  
  22  2:36  Overlord  
  21  2:45  Drone  
  22  2:53  Drone x2  
  22  2:56  Drone  
  25  3:05  Spine Crawler  
  24  3:06  Drone  
  25  3:13  Spine Crawler  
  25  3:16  Drone  
  25  3:19  Drone x2  
  27  3:27  Spine Crawler, Zergling x2  
  27  3:34  Spine Crawler  
  27  3:35  Drone x2  
  27  3:40  Drone  
  30  3:48  Drone  
  29  4:00  Spine Crawler, Drone  
  29  4:05  Spore Crawler, Drone x2  
  29  4:06  Drone  
  30  4:18  Spire  
  29  4:27  Zergling x4  
  31  4:34  Spore Crawler  
  30  4:48  Hatchery  
  27  4:58  Hatchery  
  26  5:16  Infestation Pit  
  25  5:31  Spire, Corruptor  
  25  5:32  Corruptor  
  25  5:34  Corruptor  
  30  5:46  Extractor  
  29  5:57  Overlord  
  29  5:59  Hive  
  29  6:01  Extractor  
  28  6:06  Drone  
  29  6:12  Drone  
  29  6:13  Drone x2  
  32  6:38  Spine Crawler  
  17  6:49  Mutalisk x3  
  17  6:51  Drone x2  
  17  6:52  Drone  
  22  7:26  Drone x3  
  22  7:29  Greater Spire  
  25  7:32  Drone x3  
  26  7:58  Mutalisk x2  
  26  8:00  Overlord  
  26  8:03  Drone x2  
  32  8:09  Extractor  
  31  8:13  Extractor, Drone  
  31  8:14  Drone  
  32  8:30  Mutalisk  
  34  8:34  Drone  
  34  8:35  Drone  
Tags
 
Matchup
PvZ
Opening
Pool First
Replay Pack
3.21
Spawn Locations
Cross Positions
Add a new tag
Caveats
  • Supply blocks, unpowered buildings, or Contaminate may cause inaccurate times.
  • Supply counts are checked every 10 seconds.